 Dungeon Crawl Stone Soup version 0.28.0-43-g3370ac3207 (console) character file.

Game seed: 11238101756405180763

58 Zeor the Slasher (level 3, -3/31 HPs)
             Began as a Palentonga Fighter on Mar 28, 2022.
             Slain by Natasha (5 damage)
             ... on level 2 of the Dungeon.
             The game lasted 00:03:47 (1799 turns).

Zeor the Slasher (Palentonga Fighter)               Turns: 1799, Time: 00:03:48

Health: -3/31      AC:  6    Str: 20 (21) XL:     3   Next: 75%
Magic:  3/3        EV:  7    Int:  7 (8)  God:
Gold:   30         SH:  4    Dex:  9      Spells: 2/2 levels left

rFire   . . .      SeeInvis +   a - +0 long sword
rCold   . . .      Faith    .   c - +0 buckler
rNeg    . . .      Spirit   .   b - +0 scale mail
rPois   .          Reflect  .   (no helmet)
rElec   .          Harm     .   (no cloak)
rCorr   .          Rampage  .   (no gloves)
Will    .....                   (no barding)
Stlth   ..........              (no amulet)
HPRegen 0.10/turn               (no ring)
MPRegen 0.08/turn               (no ring)

@: invisible
A: large, rugged brown scales 3, see invisible, deformed body, roll 1, armoured
tail
a: Rolling Charge


You were on level 2 of the Dungeon.
You visited 1 branch of the dungeon, and saw 2 of its levels.

You collected 30 gold pieces.

Inventory:

Hand Weapons
 a - a +0 long sword (weapon)
Missiles
 e - 84 arrows
Armour
 b - a +0 scale mail (worn)
 c - a +0 buckler (worn)
Wands
 i - a wand of digging (4)
Potions
 h - a potion of invisibility


   Skills:
 + Level 3.1 Fighting
 * Level 3.3 Long Blades
 + Level 2.7 Armour
 + Level 2.7 Shields


You had 2 spell levels left.
You didn't know any spells.
Your spell library was empty.

Dungeon Overview and Level Annotations

Branches:
Dungeon (2/15)

Altars:

Annotations:
D:2 Natasha


Innate Abilities, Weirdness & Mutations

You are completely covered in rugged brown scales. (AC +3, +7% HP)
You have supernaturally acute eyesight. (SInv)
Armour fits poorly on your strangely shaped body.
You can roll at nearby foes to attack.
You have a long armoured tail.


Message History

You float gracefully downwards.
You start resting.
You feel a little less mighty now.
You start resting.
HP restored.
You see here the felid skeleton of Natasha.
Natasha, Servant of Life and Death comes into view.
Natasha hisses angrily.
Natasha casts a spell at you. The magic dart hits you.
Roll where?
Press: ? - help, Q - select action Dir - move target, f - Natasha
Aim: Natasha You roll forward with a clatter of scales!
You barely miss Natasha. Natasha casts a spell at you. The magic dart hits you!
You barely miss Natasha.
Natasha stares at you and mumbles some strange words.
The magic dart hits you!
You barely miss Natasha.
Your tail-slap misses Natasha.
Natasha drinks a potion.
Natasha seems to speed up.
Natasha mumbles some strange words.
You feel troubled. Natasha claws you!
* * * LOW HITPOINT WARNING * * *
You fade into invisibility!
Natasha mumbles some strange words.
You barely miss Natasha.
Your tail-slap misses Natasha.
Natasha casts a spell.
Natasha claws you but does no damage.
You barely miss Natasha.
Your tail-slap misses Natasha.
The crimson imp shouts!
You block Natasha's attack. Natasha claws you.
* * * LOW HITPOINT WARNING * * *
You slash Natasha!
Natasha is severely wounded.
The crimson imp shouts!
Natasha claws you.
You die...

▒∙∙∙∙∙∙▒ ▒▒∙▒
▒∙∙∙∙∙∙▒ ∙∙
▒∙∙∙∙∙∙▒ ∙∙▒
▒∙∙∙∙∙∙▒▒▒▒▒ ▒∙∙
▒∙∙∙∙∙∙∙∙∙∙∙ [∙∙
▒▒∙∙∙∙∙▒▒▒▒▒▒▒▒∙
▒▒†▒∙∙∙∙∙∙∙5∙∙∙
▒∙▒∙▒▒∙▒▒▒h▒∙∙
▒∙▒∙▒▒∙∙∙5H▒
▒∙▒∙▒▒!▒▒▒[▒
▒∙▒∙▒▒∙÷∙∙∙▒
▒∙▒∙▒▒▒▒▒▒∙▒
▒∙▒∙∙ ∙∙▒ ▒∙▒▒▒
▒∙▒ ▒∙▒ ▒∙▒ ▒∙▒
∙▒


You could see Natasha (fast) and 2 crimson imps.

Vanquished Creatures
  Natasha (D:2)
  A dart slug (D:1)
  3 endoplasms (D:1)
  A giant cockroach (D:1)
  2 goblins (D:1)
  3 jackals (D:2)
  2 quokkas
  5 ball pythons
  2 bats
  2 frilled lizards (D:1)
  3 kobolds (D:1)
  3 rats (D:1)
28 creatures vanquished.

Notes
Turn   | Place    | Note
-------+----------+-------------------------------------------
     0 | D:1      | Zeor the Palentonga Fighter began the quest for the Orb.
     0 | D:1      | Reached XP level 1. HP: 19/19 MP: 1/1
   199 | D:1      | Reached XP level 2. HP: 25/25 MP: 2/2
  1277 | D:2      | Reached XP level 3. HP: 12/31 MP: 3/3
  1491 | D:2      | Noticed Natasha
  1500 | D:2      | HP: 1/31 [Natasha/magic dart (1)]
  1501 | D:2      | Killed Natasha
  1792 | D:2      | Noticed Natasha
  1799 | D:2      | Slain by Natasha

Illustrated notes

Levels and vault maps discovered:
D:1:      onia_arrival_handbag, layout_basic
D:2:      layout_basic, chequers_serial_rivers_micro_a, minmay_split_cup_small,
          uniq_natasha

Skill      XL: |  1  2  3 |
---------------+----------+-----
Long Blades    | 3 |  3.3
Fighting       | |  3.1
Armour         | |  2.7
Shields        | |  2.7

Action                   || total
-------------------------++-------
Melee: Long sword        ||    92
       Tailslap          ||     2
 Abil: Rolling Charge    ||    13
  Use: Scroll            ||     2
       Potion            ||     4
Armor: Scale mail        ||    50
Dodge: Dodged            ||    25
Block: Buckler           ||    15
